AoeStats
← CazadorGT

African Clearing

510633784Analyzed
2v2 RM · 21h ago on Oct 1, 2026· 31m 50s· 4 players
Game mode
Random Map
Map size
Medium (4 player)
Population
200
Speed
Normal
Resources
Standard
Victory
Conquest
Starting age
Dark Age
Ending age
Imperial Age
RankedLock teamsTeams togetherTeam positionsShared explorationLock speedFull tech treeHidden civsTurbo modeCheats
Victory
Defeat
🇬🇹 Huns · Guatemala
1154
+11
🇮🇳 Jurchens · India
1053
+15
🇺🇸 Ethiopians · United States
1067
-14
🇨🇦 Inca · Canada
1015
-12
therealpandaman
5:07 Loom
14:02 Feudal Age
15:10 Double-Bit Axe
20:36 Castle Age
19:23 Scale Barding Armor
19:47 Horse Collar
20:41 Fletching
21:05 Crossbowman
24:11 Bow Saw
24:04 Town Watch
25:55 Ballistics
26:22 Wheelbarrow
27:26 Gold Mining
27:42 Squires
27:47 Elite Skirmisher
28:52 Padded Archer Armor
30:24 Leather Archer Armor
hubert.onraet
13:08 Feudal Age
15:29 Loom
18:42 Castle Age
17:26 Double-Bit Axe
19:11 Stone Mining
20:38 Bow Saw
20:11 Horse Collar
24:34 Gold Mining
24:45 Heavy Plow
28:48 Scale Mail Armor
28:39 Fletching
30:28 Wheelbarrow
Kimster213
4:20 Loom
16:11 Feudal Age
20:16 Castle Age
18:10 Double-Bit Axe
18:34 Stone Mining
22:34 Horse Collar
24:39 Heavy Plow
26:30 Bloodlines
29:47 Husbandry
30:56 Wheelbarrow
30:07 Town Watch
31:05 Gold Mining
CazadorGT
11:07 Loom
14:52 Feudal Age
16:05 Double-Bit Axe
16:17 Gold Mining
19:11 Castle Age
18:34 Bloodlines
19:20 Forging
20:30 Husbandry
26:03 Town Watch
26:25 Fletching
28:40 Padded Archer Armor
30:58 Bodkin Arrow
Connection lost

Rejoining the realm…

Still unreachable

The connection could not be restored.

Session expired

The server has moved on; the page needs a fresh start.